 Dungeon Crawl Stone Soup version 0.29.0-4-gdea44cf6ec (webtiles) character file.

Game seed: 4908303644745755887

42 qw the Chopper (level 3, -1/31 HPs)
             Began as a Minotaur Fighter on Sept 8, 2022.
             Killed from afar by Robin (14 damage)
             ... with a bolt of dispelling energy
             ... on level 2 of the Dungeon.
             The game lasted 00:00:25 (1021 turns).

qw the Chopper (Minotaur Fighter)                   Turns: 1021, Time: 00:00:26

Health: -1/31      AC:  6    Str: 22    XL:     3   Next: 33%
Magic:  2/2        EV:  9    Int:  5    God:
Gold:   132        SH:  4    Dex:  9    Spells: 2/2 levels left

rFire   . . .      SeeInvis .   Y - +0 war axe
rCold   . . .      Faith    .   c - +0 buckler
rNeg    . . .      Spirit   .   b - +0 scale mail
rPois   .          Reflect  .   (helmet restricted)
rElec   .          Harm     .   (no cloak)
rCorr   .          Rampage  .   (no gloves)
Will    .....                   (no boots)
Stlth   ..........              (no amulet)
HPRegen 0.10/turn               (no ring)
MPRegen 0.08/turn               (no ring)

@: no status effects
A: horns 2, retaliatory headbutt
a: no special abilities


You were on level 2 of the Dungeon.
You visited 1 branch of the dungeon, and saw 2 of its levels.

You collected 132 gold pieces.


Innate Abilities, Weirdness & Mutations

You have a pair of horns on your head.
You reflexively headbutt those who attack you in melee.


   Skills:
 - Level 3.6 Fighting
 + Level 4.6 Axes
 - Level 3.6 Armour
 - Level 3.6 Shields


You had 2 spell levels left.
You didn't know any spells.
Your spell library was empty.

Inventory:

Hand Weapons
 e - a +0 whip
 Y - a +0 war axe (weapon)
Armour
 b - a +0 scale mail (worn)
 c - a +0 buckler (worn)
Scrolls
 a - a scroll of brand weapon {unknown}
 g - a scroll of identify
 h - a scroll of teleportation {unknown}
Potions
 d - 2 potions of might
 f - a potion of lignification {unknown}

Dungeon Overview and Level Annotations

Branches:
Dungeon (2/15)

Altars:

Shops:
D:2 (

Annotations:
D:2 Robin


Message History

Robin of the Strong Arm comes into view.
They are wielding a +0 spear and carrying a wand of quicksilver (6).
1011 ||| Stepping ~*~*~tactically~*~*~ (hiding).
You hit the goblin. You headbutt the goblin.
You kill the goblin!
You miss the goblin. Your headbutt misses the goblin.
The goblin hits you with a +2 dagger of speed. x2
You hit the goblin.
The goblin is heavily wounded.
The goblin misses you.
The goblin hits you with a +2 dagger of speed.
You miss the goblin.
The goblin is heavily wounded.
The goblin barely misses you.
The goblin hits you with a +2 dagger of speed.
You closely miss the goblin.
The goblin is heavily wounded.
Robin throws the goblin at you!
The goblin hits you with a +2 dagger of speed. x2
You barely miss the goblin.
The goblin is heavily wounded.
You slash the goblin!
You kill the goblin!
Robin throws the goblin at you!
The goblin hits you with a +2 dagger of speed.
You block the goblin's attack.
You closely miss the goblin. You headbutt the goblin.
You kill the goblin!
Robin closely misses you.
You block Robin's attack. 2 goblins and a hobgoblin come into view.
The goblin shouts! x2; The hobgoblin shouts!
Robin roars a battlecry!
The goblins go into a battle-frenzy!
You see here a +0 dagger.
You hit Robin. Your headbutt misses Robin.
Robin is moderately wounded.
Robin hits you with a +0 spear.
You hit Robin but do no damage. You headbutt Robin!
Robin is severely wounded.
Robin zaps a wand.
The bolt of dispelling energy hits you!
You die...

#########.#.####......%...
#.#.####.......<..
#..>..............
########..........
#........[. #..........
######### #..........
...gggg.# #.........# #@#
##+#.#+#### #.# #.#.......
#)# #.#.......
######.#######.#.......
#..............#.......
#.........[....#.......
#...##...##....#.......
#####.....##.#.##......
#...........#.##......


You could see Robin, a hobgoblin (strong) and 2 goblins.

Vanquished Creatures
  An adder (D:2)
  A worm (D:2)
  A dart slug (D:2)
  A ball python (D:2)
  4 endoplasms
  5 goblins
  4 jackals (D:1)
  A kobold (D:1)
  2 quokkas
  2 bats
  A frilled lizard (D:1)
  2 rats
25 creatures vanquished.

Notes
Turn   | Place    | Note
-------+----------+-------------------------------------------
     0 | D:1      | qw the Minotaur Fighter began the quest for the Orb.
     0 | D:1      | Reached XP level 1. HP: 19/19 MP: 0/0
     0 | D:1      | 0 ||| qw: Version: 0.1-a-111-g1c1fd2e
     0 | D:1      | 0 ||| qw: Game counter: 6635
     0 | D:1      | 0 ||| qw: Always use a shield: true
     0 | D:1      | 0 ||| qw: God list: Ru
     0 | D:1      | 0 ||| qw: Allow faded altars: false
     0 | D:1      | 0 ||| qw: Do Orc after D:15 true
     0 | D:1      | 0 ||| qw: Do second Lair branch before Depths: true
     0 | D:1      | 0 ||| qw: Lair rune preference: random
     0 | D:1      | 0 ||| qw: Plans: Normal
     0 | D:1      | 0 ||| PLANNING D:1-11
   200 | D:1      | Reached skill level 3 in Axes
   294 | D:1      | Found a faded altar of an unknown god.
   541 | D:1      | Reached XP level 2. HP: 26/26 MP: 1/1
   543 | D:1      | 543 ||| Stepping ~*~*~tactically~*~*~ (stealth).
   646 | D:1      | 646 ||| READING scroll labelled ATTIYL XENI.
   647 | D:1      | 647 ||| READING scroll labelled TICENOI JUVU.
   648 | D:1      | 648 ||| READING scroll labelled SEOPET MIPHU.
   685 | D:2      | Reached skill level 4 in Axes
   890 | D:2      | Reached XP level 3. HP: 30/31 MP: 2/2
   990 | D:2      | Found Rutiuc's Weapon Shoppe.
   997 | D:2      | 997 ||| SHOPLISTING +3 broad axe of flaming (338 gold, have
                  | 121).
  1009 | D:2      | 1009 ||| Stepping ~*~*~tactically~*~*~ (stealth).
  1010 | D:2      | Noticed Robin
  1011 | D:2      | 1011 ||| Stepping ~*~*~tactically~*~*~ (hiding).
  1021 | D:2      | Killed from afar by Robin

Levels and vault maps discovered:
D:1:      psy_arrival_spokes, layout_basic,
          hellmonk_ecumenical_altar_arch_garden
D:2:      layout_basic, serial_shops, nicolae_shop_bloodbath_and_beyond,
          uniq_natasha, uniq_robin

Skill      XL: |  1  2 |
---------------+-------+-----
Axes           | 3 4 |  4.6
Fighting       | |  3.6
Armour         | |  3.6
Shields        | |  3.6

Action                   || total
-------------------------++-------
Melee: War axe           ||    52
       Headbutt          ||     7
  Use: Scroll            ||     3
Armor: Scale mail        ||    16
Dodge: Dodged            ||    30
Block: Buckler           ||    16

Table legend:
 A = Non-vault XP
 B = Vault XP
 C = Vault XP percentage of total XP
 D = Non-vault monster count
 E = Vault monster count
 F = Vault count percentage of total count
                 A         B        C        D         E       F
            +---------+---------+-------+---------+---------+-------
      Total |      54 |       6 |  10.0 |      22 |       3 |  12.0
            +---------+---------+-------+---------+---------+-------
        D:1 |      21 |       0 |   0.0 |      12 |       0 |   0.0
        D:2 |      33 |       6 |  15.4 |      10 |       3 |  23.1
            +---------+---------+-------+---------+---------+-------
